 Dungeon Crawl Stone Soup version 0.32-a0-705-g60f233581c (webtiles) character file.

Game seed: 10829973609784974094

666 seren the Changeling (level 7, -2/45 HPs)
             Began as an Octopode Shapeshifter on Mar 14, 2024.
             Was an Initiate of Gozag.
             Shot with an arrow by a centaur (6 damage)
             ... on level 5 of the Dungeon.
             The game lasted 00:08:06 (4215 turns).

seren the Changeling (Octopode Shapeshifter)        Turns: 4215, Time: 00:08:06

Health: -2/45      AC:  1    Str: 15    XL:     7   Next: 57%
Magic:  7/7        EV:  2    Int: 13    God:    Gozag
Gold:   404        SH:  5    Dex: 11    Spells: 6/6 levels left

rFire   + .          .
                       - Unarmed
rCold   . . .        (no shield)
rNeg    . . .        (helmet currently unavailable)
rPois   +            j - amulet of reflection
rElec   .            f - ring of flight
rCorr   .            m - ring of poison resistance
SInv    .            z - ring of protection from fire
Will    .....        (no ring)
Stlth   ++++         (no ring)
HPRegen 0.27/turn    (no ring)
MPRegen 0.10/turn    (no ring)
                     (no ring)

%: reflection
@: about to teleport, beast-form, grasped by roots, flying, constricted
A: beast (slay +2), almost no armour, amphibious, 8 rings, camouflage 1,
gelatinous body 1, (nimble swimmer 1), tentacles
a: Begin Untransformation, Renounce Religion, Potion Petition, Call Merchant,
Bribe Branch


You were on level 5 of the Dungeon.
You worshipped Gozag.
Gozag was aware of your devotion.
You were a hulking beast.
You visited 2 branches of the dungeon, and saw 6 of its levels.

You collected 459 gold pieces.
You paid 55 gold pieces to Gozag.

Inventory:

Hand Weapons
 d - a +2 whip of draining
Missiles
 i - 4 atropa-tipped darts (quivered)
 r - 21 stones
 v - 6 poisoned darts
Jewellery
 f - a ring of flight (left tentacle)
 j - an amulet of reflection (around mantle)
 m - a ring of poison resistance (right tentacle)
 z - a ring of protection from fire (on tentacle)
Talismans
 b - a beast talisman (active)
 c - a flux talisman
 A - a serpent talisman
Wands
 o - a wand of flame (5)
Scrolls
 e - 3 scrolls of teleportation {!r}
 g - a scroll of acquirement {unknown}
 n - a scroll of torment {unknown}
 p - 3 scrolls of identify {unknown}
 u - 2 scrolls of blinking {unknown}
 w - a scroll of enchant armour {unknown}
 y - a scroll of immolation {unknown}
Potions
 a - 2 potions of lignification
 h - 2 potions of curing {unknown}
 k - a potion of invisibility {unknown}
 l - a potion of might {unknown}
 q - a potion of haste {unknown}
 s - 3 potions of heal wounds {unknown}
 t - 2 potions of magic {unknown}
 x - 2 potions of enlightenment {unknown}


   Skills:
 - Level 2.4 Fighting
 - Level 3.1 Dodging
 - Level 4.6 Stealth
 - Level 4.5 Unarmed Combat
 - Level 3.1 Evocations
 * Level 4.9 Shapeshifting


You had 6 spell levels left.
You didn't know any spells.
Your spell library contained the following spells:

 Spells                   Type           Power      Damage    Failure   Level
 Ensorcelled Hibernation  Hex/Ice        0%         N/A       43%         2
 Fugue of the Fallen      Necr           0%         N/A       67%         3
 Anguish                  Hex/Necr       0%         N/A       97%         4


Dungeon Overview and Level Annotations

Branches:
Dungeon (5/15)             Temple (1/1) D:4

Altars:
Cheibriados
Dithmenos
Fedhas
Gozag
Hepliaklqana
Makhleb
Okawaru
Qazlal
Ru
Wu Jian
Xom
Yredelemnul
Zin


Innate Abilities, Weirdness & Mutations

You are a hulking beast.
Your limbs bulge with bestial killing power. (Slay +2)
You cannot wear most types of armour.
You are amphibious.
You can wear up to eight rings at the same time.
Your skin changes colour to match your surroundings (Stealth+).
Your rubbery body absorbs attacks. (AC +1, EV +1)
((You are camouflaged when in or above water. (Stealth+)))
You have tentacles for arms and can constrict up to eight enemies at once.


Message History

You bludgeon the hound!
You kill the hound!
No target in view!
You now have 394 gold pieces (gained 5).
Found a ring mail.
There is a stone staircase leading down here.
You now have enough gold to petition Gozag for potion effects.
You now have 400 gold pieces (gained 6).
Things that are here:
a +0 scale mail; a +0 hand axe You now have 404 gold pieces (gained 4).
Things that are here:
a +0 robe; a +0 dagger
Things that are here:
a +0 scale mail; a +0 hand axe
There is a stone staircase leading up, spattered with blood here.
You see here a +0 flail.
You see here a beast talisman.
The centaur shouts!
The centaur shoots an arrow.
The arrow hits you!
* * * LOW HITPOINT WARNING * * *
The centaur shoots an arrow.
The arrow hits you.
* * * LOW HITPOINT WARNING * * *
The centaur shoots an arrow.
The arrow hits you!
* * * LOW HITPOINT WARNING * * *
The centaur zaps a wand.
The roots erupt in riotous growth!
The grasping roots grab you! The grasping roots constrict you.
* * * LOW HITPOINT WARNING * * *
You hear a shout! x2
The roots' grasp on you weakens, but your attempt to escape fails.
The centaur shoots an arrow.
The arrow hits you!
* * * LOW HITPOINT WARNING * * *
The grasping roots constrict you.
* * * LOW HITPOINT WARNING * * *
Okay, then.
As you read the scroll of teleportation {!r}, it crumbles to dust.
You feel strangely unstable.
The centaur shoots an arrow.
The arrow hits you.
You die...
Your body crumbles into a pile of gold.

..##.....#............
.........#............ .
.....#.#.#.......#..#.
...........#.......#..#.
.......#...#....#..#..[[
...................#..#.
.........#####............##
.....(......#.....#..........
........#.c.h...............#
........#...#..#.##..........
....#.#.##.#...........#.....
........#......#.............
....#...#..#.......#.####....
...............#####.# ##...
#.#####......#..## #.# #..#
#........#####...###.# #...
#........#####.#..########..#


You could see a centaur.

Vanquished Creatures
  Eustachio (D:4)
  Menkaure (D:4)
  A phantom (D:5)
  A scorpion (D:5)
  3 hounds (D:5)
  An iguana (D:4)
  Jessica (D:3)
  An orc wizard (D:5)
  Robin (D:4)
  2 adders (D:4)
  A dart slug (D:4)
  A ribbon worm (D:2)
  2 orcs (D:5)
  7 bats
  6 endoplasms
  A giant cockroach (D:1)
  8 goblins
  10 hobgoblins
  2 jackals (D:1)
  6 kobolds
  2 quokkas
  6 ball pythons
  9 frilled lizards
  7 rats
81 creatures vanquished.

Notes
Turn   | Place    | Note
-------+----------+-------------------------------------------
     0 | D:1      | seren the Octopode Shapeshifter began the quest for the
                  | Orb.
     0 | D:1      | Reached XP level 1. HP: 13/13 MP: 1/1
   154 | D:1      | Reached XP level 2. HP: 17/18 MP: 2/2
   291 | D:1      | Reached skill level 1 in Stealth
   414 | D:1      | Reached XP level 3. HP: 21/23 MP: 3/3
   779 | D:2      | Found a faded altar of an unknown god.
   852 | D:2      | Found an iron altar of Okawaru.
  1682 | D:3      | Noticed Jessica
  1705 | D:3      | Killed Jessica
  1706 | D:3      | Reached XP level 4. HP: 16/28 MP: 4/4
  2248 | D:3      | Found an opulent altar of Gozag.
  2253 | D:3      | Became a worshipper of Gozag Ym Sagoz the Greedy
  2406 | D:4      | Found a shimmering altar of Xom.
  2408 | D:4      | Found a shimmering altar of Xom.
  2408 | D:4      | Found a shimmering altar of Xom.
  2410 | D:4      | Found a shimmering altar of Xom.
  2413 | D:4      | Found a shimmering altar of Xom.
  2413 | D:4      | Found a shimmering altar of Xom.
  2415 | D:4      | Found a shimmering altar of Xom.
  2464 | D:4      | Noticed Menkaure
  2483 | D:4      | Killed Menkaure
  2484 | D:4      | Reached skill level 1 in Evocations
  2484 | D:4      | Reached XP level 5. HP: 34/34 MP: 5/5
  2531 | D:4      | Reached XP level 6. HP: 30/39 MP: 6/6
  2676 | D:4      | Found a staircase to the Ecumenical Temple.
  2685 | Temple   | Entered the Ecumenical Temple
  2736 | D:4      | Noticed Eustachio
  2841 | D:4      | Found a burning altar of Makhleb.
  2893 | D:4      | Found a sacrificial altar of Ru.
  2924 | D:4      | Noticed Robin
  3217 | D:4      | Killed Eustachio
  3418 | D:4      | Killed Robin
  3724 | D:5      | Entered Level 5 of the Dungeon
  3791 | D:5      | Reached XP level 7. HP: 41/45 MP: 7/7
  4215 | D:5      | Shot with an arrow by a centaur

Illustrated notes

Levels and vault maps discovered:
D:1:      dpeg_arrival_chambers_temple_mockup, layout_basic, skrybe_limestone_x,
          minmay_crystal_room
D:2:      layout_basic, basic_altar, chequers_ecumenical_altar_island
D:3:      layout_loops_corners, marbit_many_paths, uniq_jessica
D:4:      layout_layer_cave, nicolae_ru_path_of_blood, nicolae_xom_altar_mimics,
          bloody_makhleb, lemuel_temple_firewalk_b, kennysheep_cluttered_room,
          uniq_eustachio, uniq_menkaure, uniq_robin
D:5:      layout_basic, hellmonk_overflow_destroyed_library,
          serial_corexii_hall, chequers_hall_statues_wall_a,
          corexii_hall_statues_t, hangedman_decor_lopped
Temple:   hellmonk_temple_beads

Skill      XL: |  1  2  3  4  5  6  7 |
---------------+----------------------+-----
Stealth        | 1 2 3 4 |  4.6
Evocations     | 1 2 3 |  3.1
Fighting       | 2 |  2.4
Unarmed Combat | 4 |  4.5
Dodging        | 3 |  3.1
Shapeshifting  | 4 |  4.9

Action                     |  1- 3 |  4- 6 |  7- 9 || total
---------------------------+-------+-------+-------++-------
  Melee: Unarmed           |    68 |    50 |    15 ||   133
         Constrict         |    19 |    14 |     5 ||    38
         Tentacles         |    15 |    15 |     6 ||    36
         Punch             |     4 |     1 |       ||     5
  Evoke: Wand              |       |     5 |       ||     5
    Use: Scroll            |       |     1 |     1 ||     2
   Stab: Sleeping          |    13 |     5 |     1 ||    19
 Armour: Skin              |    13 |    24 |    17 ||    54
  Dodge: Dodged            |    28 |    30 |     7 ||    65
  Block: Other             |     1 |    10 |     4 ||    15
         Reflection        |       |       |     1 ||     1

Table legend: (Time is in decaauts)
 A = Elapsed time spent in this place.
 B = Non-inter-level travel time spent in this place.
 C = Inter-level travel time spent in this place.
 D = Time resting spent in this place.
 E = Time spent auto-exploring this place.
 F = Levels seen in this place.
 G = Mean time per level.
                   A        B        C        D        E       F      G
               +--------+--------+--------+--------+--------+-----+--------+
         Total |   4205 |   4016 |    189 |    400 |   2632 |   6 |  700.8 |
       Dungeon |   4204 |   4015 |    189 |    400 |   2632 |   5 |  840.8 |
        Temple |      1 |      1 |      0 |      0 |      0 |   1 |    1.0 |
               +--------+--------+--------+--------+--------+-----+--------+

Top non-repeatable levels by time:
     D:4: 1249 daAuts
     D:3: 1168 daAuts
     D:1: 717 daAuts
     D:2: 710 daAuts
     D:5: 357 daAuts
  Temple: 1 daAuts
